 Dungeon Crawl Stone Soup version 0.21-a0-584-g185da8e (console) character file.

2764 Mandevil the Spear-Bearer (level 9, -5/57 HPs)
             Began as a Merfolk Ice Elementalist on Dec 21, 2017.
             Was a Follower of Vehumet.
             Slain by a troll (9 damage)
             ... on level 8 of the Dungeon.
             The game lasted 00:40:13 (10960 turns).

Mandevil the Spear-Bearer (MfIE)                   Turns: 10960, Time: 00:40:14

Health: -5/57      AC: 11    Str:  9      XL:     9   Next: 69%
Magic:  14/27      EV: 12    Int: 19      God:    Vehumet [*.....]
Gold:   152        SH:  0    Dex: 11 (14) Spells: 10/20 levels left

rFire    . . .     SeeInvis .   t - +2 trident
rCold    + . .     Gourm    .   (no shield)
rNeg     + . .     Faith    .   B - +0 leather armour
rPois    +         Spirit   .   p - +1 helmet
rElec    .         Reflect  .   s - +0 cloak
rCorr    .         Harm     .   (no gloves)
MR       +....                  F - +0 pair of boots (curse)
Stlth    ++........             E - amulet of Moral Flaws {Inacc +Fly rN+ MP+9 Int+2}
HPRegen  0.19/turn              n - ring of protection from magic
MPRegen  0.20/turn              j - ring of poison resistance

@: very slightly contaminated
A: change form in water, swift swim, stealthy swim, icy blue scales 1, yellow
scales 1, cold resistance 1, sense surroundings 1
a: Renounce Religion, Evoke Flight


You were on level 8 of the Dungeon.
You worshipped Vehumet.
Vehumet was aware of your devotion.
You were not hungry.

You visited 2 branches of the dungeon, and saw 10 of its levels.

You collected 442 gold pieces.
You spent 290 gold pieces at shops.

Inventory:

Hand Weapons
 a - a +4 glaive of protection
 b - a +0 war axe of flaming
 t - a +2 trident (weapon)
 w - a +1 bardiche of protection
 x - a +0 longbow of flaming
Armour
 h - a +0 leather armour
 p - a +1 helmet (worn)
 s - a +0 cloak (worn)
 B - a +0 leather armour (worn)
 F - a cursed +0 pair of boots (worn)
Magical Staves
 k - an uncursed staff of energy
Jewellery
 j - a ring of poison resistance (right hand)
 n - a ring of protection from magic (left hand)
 E - the amulet of Moral Flaws (around neck) {Inacc +Fly rN+ MP+9 Int+2}
   (You found it on level 8 of the Dungeon)

   [amulet of inaccuracy]

   It reduces the accuracy of all your attacks.
   It affects your intelligence (+2).
   It protects you from negative energy.
   It affects your magic capacity (+9).
   It lets you fly.
Wands
 e - a wand of polymorph (2)
 g - a wand of random effects (17)
 m - a wand of iceblast (8)
Scrolls
 f - 4 scrolls of identify
 l - a scroll of fog
 o - a scroll of teleportation
 v - a scroll of torment
 y - a scroll of amnesia
 A - 2 scrolls of magic mapping
Potions
 i - 2 potions of brilliance
 q - a potion of agility
 r - a potion of resistance
 D - a potion of flight
Books
 u - a book of Frost

   Spells                             Type                      Level
   a - Freeze                         Ice                          1
   b - Throw Frost                    Conjuration/Ice              2
   c - Ozocubu's Armour               Charms/Ice                   3
   d - Throw Icicle                   Conjuration/Ice              4
   e - Summon Ice Beast               Ice/Summoning                4
 C - a book of Cantrips

   Spells                             Type                      Level
   a - Confusing Touch                Hexes                        1
   b - Animate Skeleton               Necromancy                   1
   c - Summon Small Mammal            Summoning                    1
   d - Apportation                    Translocation                1
Comestibles
 c - 15 rations
 d - 2 chunks of flesh


   Skills:
 + Level 8.7 Polearms
 - Level 2.6 Dodging
 - Level 2.1 Stealth
 + Level 6.4 Spellcasting
 + Level 5.3 Conjurations
 + Level 8.0 Ice Magic


You had 10 spell levels left.
You knew the following spells:

 Your Spells              Type           Power        Failure   Level  Hunger
a - Freeze                Ice            ####         1%          1    None
f - Throw Frost           Conj/Ice       ####..       1%          2    None
i - Throw Icicle          Conj/Ice       ####....     10%         4    ####...
o - Ozocubu's Armour      Chrm/Ice       ###.....     9%          3    ##.....


Dungeon Overview and Level Annotations

Branches:
Dungeon (9/15)             Temple (1/1) D:5
   Lair: D:8-11         Orc: D:9-12

Altars:
Ashenzari
Dithmenos
Elyvilon
Fedhas
Gozag
Hepliaklqana
Kikubaaqudgha
Makhleb
Nemelex Xobeh
Okawaru
Qazlal
Ru
Sif Muna
Trog
Uskayaw
Vehumet
Wu Jian
Xom
Yredelemnul
Zin
The Shining One
Lugonu

Shops:
D:6 *

Annotations:
D:7 Dowan, Duvessa
D:8 SpeedyPerson7's ghost, novice DDFi


Innate Abilities, Weirdness & Mutations

You revert to your normal form in water.
You are very nimble and swift while swimming.
You are very stealthy in the water. (Stealth+)
You are partially covered in icy blue scales. (AC +2)
You are partially covered in yellow scales. (AC +2)
Your flesh is cold resistant. (rC+)
You passively map a small area around you.


Message History

Casting: Freeze
Confirm with . or Enter, or press ? or * to list all spells.
Aiming: Freeze
Press: ? - help, Shift-Dir - straight line, f/p - troll
Aim: a troll (severely wounded)
You freeze the troll.
The troll is almost dead.
The troll misses you. The troll claws you!
* * * LOW HITPOINT WARNING * * *
The troll claws you!
* * * LOW HITPOINT WARNING * * *
Casting: Freeze
Confirm with . or Enter, or press ? or * to list all spells.
Aiming: Freeze
Press: ? - help, Shift-Dir - straight line, f/p - troll
Aim: a troll (almost dead)
You freeze the troll.
The troll is almost dead.
The troll bites you!
You die...

#################
#...............#
#.###...........####
#.#.#.#............#
###...#.#............#
......#.#....(.......#
......#.#............#
......#.#............#
................m....#
######..#..(.....T...#
......#.#............######
#####.#.#............%....#
......#...................#
#######...................#
............##.####.......#
.......#..#.##.# #########
.......##.#.##.##############


You could see a troll.

Vanquished Creatures
  A hippogriff (D:7)
  A shapeshifter (D:7)
  An acid dragon (D:7)
  A water moccasin (D:7)
  2 slaves (D:6)
  2 ice beasts
  A phantom (D:8)
  3 centaurs (D:7)
  The ghost of p0werm0de the Sneak, an amateur OpFE of Ashenzari (D:4)
  A big kobold (D:5)
  4 bullfrogs
  A scorpion (D:8)
  4 howler monkeys
  A crimson imp (D:6)
  A bullfrog zombie (D:7)
  6 hounds
  5 orc priests
  A gnoll shaman (D:5)
  Terence (D:2)
  3 iguanas
  3 orc wizards
  4 worker ants
  A hound skeleton (D:2)
  Robin (D:4)
  A howler monkey zombie (D:7)
  17 adders
  10 gnolls
  3 river rats (D:6)
  4 worms
  An adder skeleton (D:5)
  A leopard gecko (D:8)
  21 orcs
  4 ball pythons
  9 bats
  5 giant cockroaches
  10 goblins
  8 hobgoblins
  2 jackals (D:5)
  7 kobolds
  3 quokkas
  5 frilled lizards
  A jackal skeleton (D:4)
  A leopard gecko zombie (D:4)
  9 rats
172 creatures vanquished.

Vanquished Creatures (others)
  A slave (D:6)
  An orc wizard (D:6)
  An orc (D:6)
  A giant cockroach zombie (D:6)
4 creatures vanquished.

Grand Total: 176 creatures vanquished

Notes
Turn   | Place    | Note
-------+----------+-------------------------------------------
     0 | D:1      | Mandevil the Merfolk Ice Elementalist began the quest for the Orb.
     0 | D:1      | Reached XP level 1. HP: 13/13 MP: 3/3
   237 | D:1      | Reached XP level 2. HP: 19/19 MP: 1/5
   975 | D:2      | Learned a level 2 spell: Throw Frost
  1084 | D:2      | Noticed Terence
  1097 | D:2      | Killed Terence
  1097 | D:2      | Reached skill level 1 in Conjurations
  1097 | D:2      | Reached XP level 3. HP: 19/24 MP: 1/7
  1506 | D:2      | Noticed a hippogriff
  1508 | D:2      | Reached XP level 4. HP: 26/30 MP: 8/8
  1839 | D:2      | Reached skill level 1 in Polearms
  1871 | D:2      | Learned a level 3 spell: Ozocubu's Armour
  1960 | D:2      | Found a white marble altar of Elyvilon.
  2010 | D:2      | Found a deep blue altar of Sif Muna.
  2249 | D:3      | Found a shattered altar of Ashenzari.
  2374 | D:3      | Reached XP level 5. HP: 22/35 MP: 7/9
  2687 | D:3      | Found a glowing silver altar of Zin.
  2765 | D:3      | Learned a level 4 spell: Throw Icicle
  3425 | D:4      | Reached XP level 6. HP: 8/41 MP: 5/11
  3733 | D:4      | Noticed p0werm0de's ghost (amateur OpFE)
  3736 | D:4      | Gained mutation: You occasionally shout uncontrollably at your foes. [potion of mutation]
  3736 | D:4      | Gained mutation: You passively map a small area around you. [potion of mutation]
  3737 | D:4      | Lost mutation: You occasionally shout uncontrollably at your foes. [potion of mutation]
  3737 | D:4      | Gained mutation: Your flesh is cold resistant. (rC+) [potion of mutation]
  3737 | D:4      | Gained mutation: You are partially covered in icy blue scales. (AC +2) [potion of mutation]
  3737 | D:4      | Gained mutation: You evolve. [potion of mutation]
  3760 | D:4      | Killed p0werm0de's ghost
  3760 | D:4      | Reached skill level 5 in Ice Magic
  4191 | D:4      | Found a glowing golden altar of the Shining One.
  4202 | D:4      | Noticed Robin
  4213 | D:4      | Killed Robin
  4447 | D:4      | Reached XP level 7. HP: 33/46 MP: 4/13
  4787 | D:5      | Entered Level 5 of the Dungeon
  5309 | D:4      | Gained mutation: You are robust. (+10% HP) [evolution]
  5577 | D:5      | Reached skill level 5 in Polearms
  5723 | D:5      | Reached XP level 8. HP: 53/57 MP: 3/14
  5914 | D:5      | Found a runed door.
  6190 | D:5      | Found a staircase to the Ecumenical Temple.
  6266 | Temple   | Entered the Ecumenical Temple
  6316 | Temple   | Became a worshipper of Vehumet
  6409 | D:5      | Noticed Crazy Yiuf
  6411 | D:5      | Noticed Crazy Yiuf
  6411 | D:5      | Crazy Yiuf changed into Crazy Yiuf the adder
  6415 | D:5      | Killed Crazy Yiuf the adder
  6455 | D:6      | Noticed Pikel
  6521 | D:6      | Found an ornate altar of the Wu Jian Council.
  6794 | D:7      | Found an opulent altar of Gozag.
  7239 | D:7      | Reached skill level 5 in Spellcasting
  7312 | D:7      | Gained mutation: You are partially covered in yellow scales. (AC +2) [evolution]
  7320 | D:7      | Noticed Duvessa
  7320 | D:7      | Noticed Dowan
  7524 | D:7      | Found a basalt altar of Yredelemnul.
  7527 | D:7      | Found an ancient bone altar of Kikubaaqudgha.
  7533 | D:7      | Found an iron altar of Okawaru.
  7562 | D:7      | Found a sacrificial altar of Ru.
  7765 | D:7      | Found a hide-covered altar of Uskayaw.
  7859 | D:7      | Noticed a hippogriff
  7872 | D:7      | Killed a hippogriff
  8315 | D:7      | Noticed Pikel
  8315 | D:7      | Pikel changed into Pikel the shapeshifter
  8321 | D:7      | Killed Pikel the shapeshifter
  8321 | D:7      | Reached XP level 9. HP: 24/62 MP: 17/17
  8722 | D:7      | Lost mutation: You are robust. (+10% HP) [evolution]
  8722 | D:7      | Lost mutation: You evolve. [end of evolution]
  9053 | D:6      | Reached * piety under Vehumet
  9053 | D:6      | Offered knowledge of Sandblast by Vehumet.
  9182 | D:6      | Found a shadowy altar of Dithmenos.
  9224 | D:6      | Found a shimmering altar of Xom.
  9255 | D:6      | Found a shimmering altar of Xom.
  9255 | D:6      | Found a shimmering altar of Xom.
  9272 | D:6      | Found a shimmering altar of Xom.
  9273 | D:6      | Found a shimmering altar of Xom.
  9273 | D:6      | Found a shimmering altar of Xom.
  9283 | D:6      | Found a shimmering altar of Xom.
  9465 | D:6      | Identified 3 scrolls of acquirement
  9577 | D:6      | Reached skill level 5 in Conjurations
  9670 | D:6      | Found Guriyts's Assorted Antiques.
  9678 | D:6      | Bought a glass ring for 145 gold pieces
  9678 | D:6      | Bought a glowing leather armour for 145 gold pieces
 10442 | D:8      | Noticed SpeedyPerson7's ghost (novice DDFi)
 10492 | D:8      | Got a pitted dagger
 10553 | D:8      | Found a sparkling altar of Nemelex Xobeh.
 10574 | D:8      | Identified the +4 dagger of Light {freeze, *Corrode rN++ Int+4} (You found it on level 8 of the Dungeon)
 10823 | D:8      | Got a translucent graven amulet
 10824 | D:8      | Identified the amulet of Moral Flaws {Inacc +Fly rN+ MP+9 Int+2} (You found it on level 8 of the Dungeon)
 10948 | D:9      | Noticed a troll
 10960 | D:8      | Slain by a troll

Vault maps used:
D:1:      elethiomel_arrival_infinity_welcomes_careful_drivers
D:2:      lemuel_doored_altar, marbit_many_paths, uniq_terence
D:3:      lemuel_coloured_pillars_altar, lemuel_crystal_altar
D:4:      old_standard_altar, uniq_robin
D:5:      minmay_temple_entry_enclosed_plants, first_ration, kennysheep_dice,
          uniq_crazy_yiuf_cottage
D:6:      kennysheep_little_box, nicolae_overflow_crystal_walls,
          lightli_sewer_entry_pipes, serial_shops, kennysheep_mini_moat,
          nicolae_xom_altar_mimics, uniq_pikel
D:7:      eat_drink_and_be_merry_uskayaw, minitemple, overflow_temple_1_default,
          st_stairs_14, nicolae_gozag_cash_rules_everything_around_me,
          uniq_duvessa
D:8:      kennysheep_mini
D:9:      cheibriados_altar_1, david_orc_5
Temple:   corrupted_temple

Skill      XL: |  1  2  3  4  5  6  7  8  9 |
---------------+----------------------------+-----
Conjurations   | 1 2 3 4 5 |  5.3
Ice Magic      | 4 5 6 7 8 |  8.0
Spellcasting   | 3 4 5 6 |  6.4
Polearms       | 1 3 4 5 7 8 |  8.7
Dodging        | |  2.6
Stealth        | |  2.1

Action                   |  1- 3 |  4- 6 |  7- 9 || total
-------------------------+-------+-------+-------++-------
Melee: Short sword       |    21 |       |       ||    21
       Trident           |    15 |    97 |   259 ||   371
       Unarmed           |       |     3 |       ||     3
       Glaive            |       |       |   123 ||   123
       Tailslap          |       |       |     1 ||     1
 Cast: Freeze            |    34 |    51 |    73 ||   158
       Throw Frost       |     1 |     9 |    52 ||    62
       Ozocubu's Armour  |       |       |     3 ||     3
Evoke: Wand              |       |     8 |    13 ||    21
  Use: Potion            |     3 |     3 |     5 ||    11
       Scroll            |       |     4 |    20 ||    24
 Stab: Sleeping          |     2 |    13 |     5 ||    20
       Distracted        |       |       |     1 ||     1
       Paralysed         |       |       |     5 ||     5
  Eat: Chunk             |     2 |    10 |    19 ||    31
       Ration            |       |       |     1 ||     1
Armor: Robe              |    14 |    21 |       ||    35
       Leather armour    |       |       |   167 ||   167
Dodge: Dodged            |    49 |    86 |   242 ||   377

Table legend:
 A = Spawn XP
 B = Non-spawn XP
 C = Spawn XP percentage of total XP
 D = Spawn monster count
 E = Non-spawn monster count
 F = Spawn count percentage of total count
 G = Total turns spent on level
                    A         B        C        D         E        F      G
               +---------+---------+-------+---------+---------+-------+---------
         Total |       0 |    3949 |   0.0 |       0 |     170 |   0.0 | 10960
               +---------+---------+-------+---------+---------+-------+---------
           D:1 |       0 |      28 |   0.0 |       0 |      19 |   0.0 |  1019
           D:2 |       0 |     100 |   0.0 |       0 |      17 |   0.0 |  1155
           D:3 |       0 |      88 |   0.0 |       0 |      23 |   0.0 |  1073
           D:4 |       0 |     472 |   0.0 |       0 |      28 |   0.0 |  1759
           D:5 |       0 |     605 |   0.0 |       0 |      28 |   0.0 |  1430
           D:6 |       0 |     759 |   0.0 |       0 |      25 |   0.0 |  1084
           D:7 |       0 |    1414 |   0.0 |       0 |      19 |   0.0 |  2534
           D:8 |       0 |     483 |   0.0 |       0 |      11 |   0.0 |   833
               +---------+---------+-------+---------+---------+-------+---------
